 Dungeon Crawl Stone Soup version 0.26.0-16-gc1dbca0489 (webtiles) character file.

Game seed: 8014955734966894285

2405 dolemite99 the Tainter (level 9, -2/55 HPs)
             Began as an Octopode Venom Mage on Jan 19, 2021.
             Was a Priest of Okawaru.
             Slain by an unseen horror (9 damage)
             ... on level 11 of the Dungeon.
             The game lasted 00:16:55 (12663 turns).

dolemite99 the Tainter (Octopode Venom Mage)       Turns: 12663, Time: 00:16:56

Health: -2/55      AC:  5    Str:  7    XL:     9   Next: 47%
Magic:  7/12       EV: 13    Int: 21    God:    Okawaru [***...]
Gold:   177        SH:  5    Dex: 12    Spells: 5/12 levels left

rFire    . . .     SeeInvis .   a - +5 spear (spect)
rCold    . . .     Faith    .   I - +1 buckler
rNeg     + . .     Spirit   .   (helmet restricted)
rPois    .         Reflect  .   (no amulet)
rElec    .         Harm     .   k - ring of positive energy
rCorr    .         Rampage  .   n - +4 ring of protection
Will     .....                  u - ring of wizardry
Stlth    +++.......             (no ring)
HPRegen  0.18/turn              (no ring)
MPRegen  0.13/turn              (no ring)
                                (no ring)
                                (no ring)

@: no status effects
A: almost no armour, stealthy swim, amphibious, 8 rings, constrict 8, camouflage
1, gelatinous body 1
a: Renounce Religion, Heroism


You were on level 11 of the Dungeon.
You worshipped Okawaru.
Okawaru was most pleased with you.
You visited 1 branch of the dungeon, and saw 10 of its levels.

You collected 479 gold pieces.
You spent 302 gold pieces at shops.

Inventory:

Hand Weapons
 a - a +5 spectral spear (weapon)
 b - a +0 hunting sling
 e - a +0 dagger
 o - a +0 dagger
 p - a cursed -2 hunting sling
 q - a +0 war axe
 w - a +0 trident
Missiles
 c - 212 stones
 g - 7 bolts
 A - 27 sling bullets
 D - 89 arrows
 F - 5 boomerangs
Armour
 I - a +1 buckler (worn)
Magical Staves
 G - an uncursed staff of earth {unknown}
Jewellery
 k - a ring of positive energy (left tentacle)
 n - a +4 ring of protection (right tentacle)
 r - an uncursed ring of ice
 u - a ring of wizardry (on tentacle)
Wands
 x - a wand of digging (4)
 J - a wand of disintegration (10)
 P - a wand of paralysis (5)
 S - a wand of random effects (15)
Scrolls
 f - 3 scrolls of teleportation
 i - 2 scrolls of immolation {unknown}
 j - 2 scrolls of remove curse {@r2}
 l - 3 scrolls of magic mapping
 B - 2 scrolls of fear
 L - 5 scrolls of random uselessness {unknown}
 M - 2 scrolls of blinking {unknown}
 O - a scroll of noise {unknown}
 Q - a scroll of amnesia {unknown}
Potions
 d - a potion of mutation
 h - a potion of haste
 m - 4 potions of might
 s - a potion of brilliance
 v - a potion of lignification
 C - a potion of cancellation {unknown}
 E - a potion of magic {unknown}
 H - a potion of ambrosia
 N - 2 potions of invisibility
Miscellaneous
 T - a tin of tremorstones (2/2)


   Skills:
 + Level 2.5 Fighting
 - Level 6.2 Polearms
 - Level 0.3 Slings
 + Level 2.5 Dodging
 - Level 3.6 Stealth
 + Level 1.5 Shields
 - Level 2.1 Spellcasting
 - Level 1.3 Transmutations
 + Level 1.9 Air Magic
 - Level 10.8 Poison Magic
 - Level 3.6 Invocations


You had 5 spell levels left.
You knew the following spells:

 Your Spells              Type           Power        Failure   Level
a - Sting                 Tmut/Pois      100%         1%          1
b - Poisonous Vapours     Pois/Air       58%          1%          2
c - Olgreb's Toxic Radia  Pois           47%          1%          4

Your spell library contained the following spells:

 Spells                   Type           Power        Failure   Level
 Ignite Poison            Fire/Tmut/Pois 19%          4%          3
 Mephitic Cloud           Conj/Pois/Air  20%          4%          3
 Magic Dart               Conj           8%           9%          1
 Searing Ray              Conj           4%           12%         2
 Dazzling Flash           Conj/Hex       4%           24%         3
 Fulminant Prism          Conj/Hex       1%           58%         4
 Iskenderun's Mystic Bla  Conj/Tloc      2%           58%         4


Dungeon Overview and Level Annotations

Branches:
Dungeon (11/15)            Temple (0/1) D:4
   Lair: D:8-11         Orc: D:9-12

Altars:
Fedhas
Hepliaklqana
Makhleb
Okawaru
Qazlal
Ru
Trog
Uskayaw
Vehumet

Shops:
D:6 ?   D:7 *

Annotations:
D:3 3 runed translucent doors, exclusion: downstairs, dredge's ghost, amateur HOBe; fiver49's ghost, weakling DsDe; garrulousMonolith's ghost, amateur OpTm; serenereef's ghost, amateur TrFi; shmeve's ghost, amateur MiBe


Innate Abilities, Weirdness & Mutations

You cannot wear most types of armour.
You are very stealthy in the water. (Stealth+)
You are amphibious.
You can wear up to eight rings at the same time.
You can use your tentacles to constrict eight enemies at once.
Your skin changes colour to match your surroundings (Stealth+).
Your rubbery body absorbs attacks. (AC +1, EV +1)


Message History

Something hits you!
* * * LOW HITPOINT WARNING * * *
Casting: Sting (safe; 1% risk of failure)
Confirm with . or Enter, or press ? or * to list all spells.
You can't see any susceptible monsters within range! (Use Z to cast anyway.)
There is a strange disturbance nearby!
Casting: Sting (safe; 1% risk of failure)
Confirm with . or Enter, or press ? or * to list all spells.
You begin to radiate toxic energy.
Something hits you!
* * * LOW HITPOINT WARNING * * *
Okay, then.
As you read the scroll of fog, it crumbles to dust.
The scroll dissolves into smoke.
Your toxic aura wanes.
Something hits you.
* * * LOW HITPOINT WARNING * * *
Something hits you.
* * * LOW HITPOINT WARNING * * *
Something hits you!
You die...

......'.########...
#.)..###...(......
#(..>.............
#.########........ #{#
#........ +§# #.......#
.# #§## #.......#
...####{§# #.......#
......§@§# #.......#
.........# #.......#
#........# #...[...#
#........#######.......#
#......................#
#.#######..............#
#. #...............
#...........####
#..)........#


There were no monsters in sight!

Vanquished Creatures
  6 yaks (D:5)
  An ice beast (D:11)
  A phantom (D:6)
  A sky beast (D:6)
  3 centaurs
  2 ogres
  A big kobold (D:11)
  A wight (D:11)
  A hound (D:7)
  A jelly (D:6)
  Crazy Yiuf (D:6)
  A centaur skeleton (D:7)
  An orc priest (D:4)
  A bullfrog skeleton (D:7)
  4 orc wizards
  6 worker ants
  4 gnolls (D:4)
  11 adders
  2 white imps
  An adder zombie (D:3)
  6 worms
  3 dart slugs
  3 leopard geckos
  17 orcs
  2 ball pythons
  9 giant cockroaches
  13 goblins
  9 hobgoblins
  3 jackals (D:3)
  13 kobolds
  A quokka (D:4)
  6 bats
  5 frilled lizards
  2 quokka skeletons
  8 rats
150 creatures vanquished.

Vanquished Creatures (others)
  3 fungi
  2 plants (D:4)
5 creatures vanquished.

Grand Total: 155 creatures vanquished

Notes
Turn   | Place    | Note
-------+----------+-------------------------------------------
     0 | D:1      | dolemite99 the Octopode Venom Mage began the quest for the
                  | Orb.
     0 | D:1      | Reached XP level 1. HP: 11/11 MP: 3/3
   116 | D:1      | Reached XP level 2. HP: 18/18 MP: 0/5
   763 | D:1      | Reached skill level 1 in Fighting
   944 | D:1      | Reached skill level 4 in Poison Magic
  1146 | D:1      | Reached XP level 3. HP: 23/23 MP: 4/6
  1919 | D:2      | Learned a level 2 spell: Poisonous Vapours
  1997 | D:2      | Found a faded altar of an unknown god.
  2002 | D:2      | Became a worshipper of Warmaster Okawaru
  2002 | D:2      | Reached * piety under Okawaru
  2097 | D:2      | Reached XP level 4. HP: 14/28 MP: 1/7
  2689 | D:2      | Found a radiant altar of Vehumet.
  3488 | D:2      | Reached skill level 1 in Air Magic
  3991 | D:3      | Learned a level 4 spell: Olgreb's Toxic Radiance
  4184 | D:3      | Reached XP level 5. HP: 34/34 MP: 1/8
  4297 | D:3      | Reached skill level 5 in Poison Magic
  4683 | D:3      | Noticed an ogre
  5177 | D:3      | Found a sacrificial altar of Ru.
  5396 | D:3      | Reached skill level 6 in Poison Magic
  5785 | D:3      | Killed an ogre
  5786 | D:3      | Reached XP level 6. HP: 20/39 MP: 6/9
  6015 | D:3      | Found a runed translucent gate.
  6015 | D:3      | Found a runed translucent gate.
  6016 | D:3      | Found a runed translucent gate.
  6016 | D:3      | Noticed shmeve's ghost (amateur MiBe)
  6016 | D:3      | Noticed fiver49's ghost (weakling DsDe)
  6017 | D:3      | Noticed garrulousMonolith's ghost (amateur OpTm)
  6018 | D:3      | Noticed dredge's ghost (amateur HOBe)
  6019 | D:3      | Noticed serenereef's ghost (amateur TrFi)
  6353 | D:4      | Reached skill level 7 in Poison Magic
  6754 | D:4      | Found a staircase to the Ecumenical Temple.
  7347 | D:4      | Found a blossoming altar of Fedhas.
  7468 | D:4      | Found a stormy altar of Qazlal.
  7852 | D:4      | Found a bloodstained altar of Trog.
  7945 | D:5      | Entered Level 5 of the Dungeon
  8064 | D:5      | Reached skill level 8 in Poison Magic
  8064 | D:5      | Reached XP level 7. HP: 44/44 MP: 8/10
  8103 | D:5      | Noticed a yak
  8105 | D:5      | Noticed a yak
  8106 | D:5      | Noticed a yak
  8108 | D:5      | Noticed a yak
  8108 | D:5      | Noticed a yak
  8111 | D:5      | Noticed a yak
  8121 | D:5      | Killed a yak
  8121 | D:5      | Reached ** piety under Okawaru
  8122 | D:5      | Reached skill level 1 in Polearms
  8143 | D:5      | Killed a yak
  8160 | D:5      | Killed a yak
  8161 | D:5      | Reached skill level 9 in Poison Magic
  8161 | D:5      | Reached XP level 8. HP: 33/50 MP: 3/11
  8193 | D:5      | Killed a yak
  8200 | D:5      | Killed a yak
  8703 | D:5      | Killed a yak
  8704 | D:5      | Reached skill level 5 in Polearms
  8704 | D:5      | Reached skill level 10 in Poison Magic
  9603 | D:6      | Reached *** piety under Okawaru
  9752 | D:6      | Found Tivih's Magic Scroll Boutique.
  9765 | D:6      | Reached XP level 9. HP: 48/54 MP: 5/12
  9992 | D:6      | Bought a scroll of fog for 28 gold pieces
  9992 | D:6      | Bought a scroll of teleportation for 42 gold pieces
  9992 | D:6      | Bought a scroll of enchant weapon for 105 gold pieces
  9992 | D:6      | Bought a scroll of enchant weapon for 105 gold pieces
 10408 | D:6      | Reached skill level 1 in Shields
 10480 | D:6      | Found a hazy altar of Hepliaklqana.
 10563 | D:6      | Found a runed translucent door.
 10564 | D:6      | Noticed Crazy Yiuf
 10583 | D:6      | Killed Crazy Yiuf
 10818 | D:7      | Found a burning altar of Makhleb.
 10974 | D:7      | Found Nalobic's Assorted Antiques.
 10979 | D:7      | Bought a scroll labelled IGIPPO OBESIOD for 22 gold pieces
 11004 | D:7      | Found a hide-covered altar of Uskayaw.
 11496 | D:8      | You fall into a shaft and drop 3 floors!
 11497 | D:11     | Noticed a troll
 11511 | D:11     | Noticed a skeletal warrior
 11512 | D:11     | Noticed a skeletal warrior
 11551 | D:11     | Reached skill level 1 in Invocations
 11814 | D:10     | Entered Level 10 of the Dungeon
 11860 | D:10     | Noticed a troll
 12663 | D:11     | Slain by an unseen horror

Illustrated notes

Levels and vault maps discovered:
D:1:      dpeg_arrival_arbitrary_a, layout_loops_ring
D:2:      layout_basic, vehumet_crystals, chequers_ecumenical_altar_grove
D:3:      layout_basic, nicolae_ru_great_annihilating_truth, serial_forest,
          infiniplex_forest_corner_1, infiniplex_forest_lined_3,
          infiniplex_forest_lined_2, infiniplex_forest_straight_2,
          infiniplex_forest_corner_1, infiniplex_forest_lined_room_3,
          infiniplex_forest_straight_4, gammafunk_ghost_cemetery
D:4:      layout_cave_pods, grunt_temple_overflow_forces_of_nature,
          minmay_temple_entry_large_hall, minmay_misc_feat_rugged, st_stairs_3,
          bloody_trog
D:5:      layout_basic, minivault_19
D:6:      layout_basic, nzn_hepliaklqana_mist_gate, serial_shops, shop_scrolls,
          uniq_crazy_yiuf_cottage
D:7:      layout_cave_pools, lemuel_crystal_altar, kennysheep_mini_moat,
          serial_shops, shop
D:8:      lemuel_ice_statue, layout_cave_pods, lemuel_doored_altar,
          dpeg_oklobed_lair
D:10:     minmay_cut_squares, layout_cave_pools, david_orc_3
D:11:     layout_irregular_city, gammafunk_ghost_split

Skill      XL: |  1  2  3  4  5  6  7  8  9 |
---------------+----------------------------+-----
Stealth        | 3 |  3.6
Fighting       | 1 2 |  2.5
Poison Magic   | 4 6 8 9 10 | 10.8
Air Magic      | 1 |  1.9
Polearms       | 3 5 6 |  6.2
Shields        | 1 |  1.5
Invocations    | 3 |  3.6
Slings         | |  0.3
Dodging        | |  2.5
Spellcasting   | |  2.1
Transmutations | |  1.3

Action                   |  1- 3 |  4- 6 |  7- 9 || total
-------------------------+-------+-------+-------++-------
Melee: Unarmed           |    17 |    13 |       ||    30
       Constrict         |     7 |     5 |    10 ||    22
       Trident           |       |     4 |       ||     4
       Tentacles         |       |     3 |    12 ||    15
       Spear             |       |     6 |    98 ||   104
 Fire: Hunting sling     |       |    21 |    18 ||    39
 Cast: Sting             |    50 |   146 |    87 ||   283
       Olgreb's Toxic Ra |       |     1 |     4 ||     5
Invok: Heroism           |       |     2 |     3 ||     5
  Use: Scroll            |       |     5 |    14 ||    19
       Potion            |       |     1 |     7 ||     8
 Stab: Sleeping          |       |       |     3 ||     3
       Distracted        |       |       |     1 ||     1
Armor: Skin              |     3 |    24 |    50 ||    77
Dodge: Dodged            |    36 |    88 |    61 ||   185
Block: Buckler           |       |       |    22 ||    22
